 Dungeon Crawl Stone Soup version 0.19.5 (webtiles) character file.

16949 greprep the Unseen (level 12, -4/56 HPs)
             Began as a Spriggan Enchanter on May 4, 2017.
             Was a Priest of Ashenzari.
             Killed from afar by a battlesphere (9 damage)
             ... created by theElss's ghost
             ... on level 13 of the Dungeon.
             The game lasted 01:13:17 (14587 turns).

greprep the Unseen (Spriggan Enchanter)            Turns: 14587, Time: 01:13:18

Health: -4/56      AC:  6    Str:  8    XL:     12   Next: 14%
Magic:  17/28      EV: 23    Int: 17    God:    Ashenzari [***...]
Gold:   479        SH:  0    Dex: 17    Spells: 7 memorised, 15 levels left

rFire  . . .     SeeInvis +     F - +2 dagger (venom) (curse)
rCold  + . .     Gourm    .     q - +1 troll leather armour
rNeg   . . .     Faith    .     (shield restricted)
rPois  .         Spirit   .     (helmet restricted)
rElec  .         Reflect  .     l - +0 cloak (curse)
rCorr  .         Harm     .     (gloves unavailable)
MR     ++...                    (boots unavailable)
Stlth  ++........               (no amulet)
                                o - ring of protection from cold (curse)
                                v - +3 ring of evasion (curse)

@: confused, very quick
A: unfitting armour, see invisible, herbivore 3, speed 3, slow metabolism 2
a: Curse Item, Scrying, Renounce Religion


You were on level 13 of the Dungeon.
You worshipped Ashenzari.
Ashenzari was most pleased with you.
You were not hungry.

You visited 1 branch of the dungeon, and saw 13 of its levels.
You also visited: Ossuary.

You collected 875 gold pieces.
You spent 396 gold pieces at shops.

Inventory:

Hand Weapons
 F - a cursed +2 dagger of venom (weapon)
Armour
 b - a +1 robe
 l - a cursed +0 cloak (worn)
 q - a +1 troll leather armour (worn)
Jewellery
 j - an uncursed ring of resist corrosion
 o - a cursed ring of protection from cold (right hand)
 v - a cursed +3 ring of evasion (left hand)
Wands
 C - a wand of lightning (7/15)
 G - a wand of acid (1/15)
 K - a wand of lightning (10/15)
 M - a wand of disintegration (12/24)
 Q - a wand of digging (13/24)
Scrolls
 e - 10 scrolls of teleportation
 f - a scroll of immolation {unknown}
 k - 3 scrolls of fog
 p - 2 scrolls of blinking
 r - 3 scrolls of recharging
 u - a scroll of enchant weapon {unknown}
 z - a scroll of silence {unknown}
 H - 2 scrolls of magic mapping
 I - a scroll of summoning {unknown}
 J - a scroll of enchant armour {unknown}
 L - a scroll of amnesia {unknown}
 O - 2 scrolls of remove curse
Potions
 i - a potion of resistance
 m - 4 potions of might
 s - a potion of berserk rage {unknown}
 w - a potion of haste {unknown}
 A - a potion of cure mutation
 B - 3 potions of brilliance
 E - 2 potions of magic {unknown}
 N - 2 potions of beneficial mutation {unknown}
 P - 3 potions of flight {unknown}
Books
 a - a book of Flames

   Spells                             Type                      Level
   a - Flame Tongue                   Conjuration/Fire             1
   b - Throw Flame                    Conjuration/Fire             2
   c - Conjure Flame                  Conjuration/Fire             3
   d - Inner Flame                    Hexes/Fire                   3
   e - Sticky Flame                   Conjuration/Fire             4
   f - Fireball                       Conjuration/Fire             5
 c - a book of Maledictions

   Spells                             Type                      Level
   a - Corona                         Hexes                        1
   b - Ensorcelled Hibernation        Hexes/Ice                    2
   c - Confuse                        Hexes                        3
   d - Tukima's Dance                 Hexes                        3
   e - Dazzling Spray                 Conjuration/Hexes            3
 t - a book of Misfortune

   Spells                             Type                      Level
   a - Confusing Touch                Hexes                        1
   b - Confuse                        Hexes                        3
   c - Gell's Gravitas                Hexes/Translocation          3
   d - Petrify                        Transmutation/Earth          4
   e - Metabolic Englaciation         Hexes/Ice                    5
   f - Yara's Violent Unravelling     Hexes/Transmutation          5
 x - a book of Enchantments

   Spells                             Type                      Level
   a - Cause Fear                     Hexes                        4
   b - Yara's Violent Unravelling     Hexes/Transmutation          5
   c - Silence                        Hexes/Air                    5
   d - Deflect Missiles               Charms/Air                   6
   e - Discord                        Hexes                        8
 y - a book of Frost

   Spells                             Type                      Level
   a - Freeze                         Ice                          1
   b - Throw Frost                    Conjuration/Ice              2
   c - Ozocubu's Armour               Charms/Ice                   3
   d - Throw Icicle                   Conjuration/Ice              4
   e - Summon Ice Beast               Ice/Summoning                4
 D - a book of Minor Magic

   Spells                             Type                      Level
   a - Magic Dart                     Conjuration                  1
   b - Blink                          Translocation                2
   c - Call Imp                       Summoning                    2
   d - Repel Missiles                 Charms/Air                   2
   e - Slow                           Hexes                        2
   f - Conjure Flame                  Conjuration/Fire             3
   g - Mephitic Cloud                 Conjuration/Poison/Air       3
Comestibles
 d - 6 bread rations
 h - a royal jelly
 n - 16 fruits


   Skills:
 + Level 2.7 Fighting
 + Level 6.5(9.5) Short Blades
 + Level 1.0 Armour
 + Level 5.9 Dodging
 + Level 15.4 Stealth
 + Level 11.1 Spellcasting
 + Level 1.6(3.0) Conjurations
 + Level 10.3(12.0) Hexes
 + Level 1.3(2.5) Translocations
 * Level 5.0(6.8) Fire Magic
 + Level 5.2(7.1) Ice Magic


You had 15 spell levels left.
You knew the following spells:

 Your Spells              Type           Power        Failure   Level  Hunger
a - Corona                Hex            ######.      1%          1    None
b - Ensorcelled Hibernat  Hex/Ice        #####.       1%          2    None
c - Confuse               Hex            ######..     1%          3    None
d - Blink                 Tloc           N/A          8%          2    None
e - Throw Flame           Conj/Fire      ####..       1%          2    None
f - Tukima's Dance        Hex            ######..     1%          3    None
g - Fireball              Conj/Fire      ####......   41%         5    #####..


Dungeon Overview and Level Annotations

Branches:
Dungeon (13/15)            Temple (0/1) D:7            Lair (0/6) D:11
    Orc (0/2) D:12
 Vaults: D:13-14

Altars:
Ashenzari
Dithmenos
Elyvilon
Fedhas
Hepliaklqana
Kikubaaqudgha
Makhleb
Nemelex Xobeh
Okawaru
Uskayaw

Shops:
D:12 [(

Portals:
Trove: D:13 (give 6 scrolls of blinking)

Annotations:
D:13 theElss's ghost, journeyman DECj


Innate Abilities, Weirdness & Mutations

You are very small and have problems with some larger weapons.
You are too small for most types of armour.
You have supernaturally acute eyesight. (SInv)
You are a herbivore.
You cover ground extremely quickly.
You need consume almost no food.


Message History

Aiming: Throw Flame
Press: ? - help, Shift-Dir - straight line, f/p - battlesphere
Aim: a battlesphere (lightly damaged)
The puff of flame hits the battlesphere.
The battlesphere resists.
The battlesphere is lightly damaged.
TheElss's ghost gestures at you while chanting.
The puff of flame hits you!
The battlesphere fires!
The barrage of energy hits you! TheElss's ghost casts a spell at you.
The puff of flame hits you!
* * * LOW HITPOINT WARNING * * *
The battlesphere fires!
The barrage of energy hits you!
* * * LOW HITPOINT WARNING * * *
You are confused.
You feel invigorated.
TheElss's ghost gestures at you while chanting.
The orb of energy misses you.
The battlesphere fires!
The barrage of energy hits you!
You die...

####..... , ,#.......#
######## * #.......# , ,
###......######.......#######
.>.>......W..................
, ,
..............∩..............
).(......####.*.....^.#######
* .........#
##..............# .........#
##.............# .........#
#.@...........# * ###......#
#####.........# # #......#
#............# # ########
#............# * #
#.......^....# #
#............### #
#....###...†...# #####
#........# #........#


You could see a battlesphere and theElss's ghost.

Vanquished Creatures
  Nessos (D:13)
  Erica (D:9)
  2 hill giants
  A manticore (D:10)
  2 ugly things
  A cyclops (D:13)
  An elephant (D:11)
  A centaur zombie (D:12)
  2 gargoyles
  A komodo dragon (D:11)
  4 trolls
  Prince Ribbit (D:5)
  A harpy skeleton (D:13)
  4 hippogriffs
  A wraith (D:12)
  16 yaks
  A wyvern (D:10)
  Menkaure (D:6)
  The ghost of miragecloak the Changer, an amateur OpTm (D:4)
  Duvessa (D:5)
  2 water moccasins
  8 orc warriors
  4 sky beasts
  9 ice beasts
  2 phantoms
  5 ogres
  2 necrophages
  8 centaurs
  A crocodile (D:11)
  2 big kobolds
  6 bullfrogs
  A wyvern zombie (D:6)
  Dowan (D:5)
  4 scorpions
  6 wights
  6 killer bees (D:7)
  4 crimson imps
  6 hounds
  2 jellies
  An orc priest (D:8)
  9 orc wizards
  A centaur skeleton (D:4)
  A gnoll shaman (D:7)
  3 iguanas
  10 worker ants
  A hound skeleton (D:8)
  3 hound zombies
  A worker ant zombie (D:11)
  12 gnolls
  A howler monkey skeleton (D:6)
  11 adders
  An adder zombie (D:7)
  A worm zombie (D:5)
  3 adder skeletons
  2 worms
  3 dart slugs
  10 leopard geckos
  37 orcs
  6 giant cockroaches
  13 goblins
  7 hobgoblins
  3 jackals (D:6)
  10 kobolds
  6 quokkas
  5 bats
  3 frilled lizards
  8 rats
295 creatures vanquished.

Notes
Turn   | Place    | Note
-------+----------+-------------------------------------------
     0 | D:1      | greprep the Spriggan Enchanter began the quest for the Orb.
     0 | D:1      | Reached XP level 1. HP: 9/9 MP: 5/5
   674 | D:1      | Reached XP level 2. HP: 13/13 MP: 6/6
   678 | D:1      | Learned a level 2 spell: Ensorcelled Hibernation
   849 | D:2      | Reached skill level 5 in Stealth
   930 | D:2      | Reached XP level 3. HP: 11/16 MP: 5/8
  1724 | D:3      | Noticed an orc warrior
  1747 | D:3      | Reached XP level 4. HP: 21/21 MP: 1/10
  2125 | D:3      | Reached skill level 6 in Stealth
  2749 | D:3      | Killed an orc warrior
  2749 | D:3      | Reached skill level 1 in Ice Magic
  2749 | D:3      | Reached XP level 5. HP: 11/24 MP: 2/12
  3089 | D:4      | Reached skill level 7 in Stealth
  3099 | D:4      | Reached XP level 6. HP: 28/28 MP: 13/13
  3150 | D:4      | Noticed miragecloak's ghost (amateur OpTm)
  3215 | D:3      | Learned a level 3 spell: Confuse
  3627 | D:4      | Killed miragecloak's ghost
  3627 | D:4      | Reached skill level 8 in Stealth
  3627 | D:4      | Reached skill level 5 in Spellcasting
  3627 | D:4      | Reached XP level 7. HP: 27/32 MP: 1/15
  4034 | D:5      | Entered Level 5 of the Dungeon
  4034 | D:5      | Noticed Prince Ribbit
  4036 | D:5      | Reached skill level 5 in Hexes
  4038 | D:5      | Killed Prince Ribbit
  4125 | D:5      | Found a sand-covered staircase.
  4175 | Ossuary  | Entered an ossuary
  4208 | D:5      | Noticed a hippogriff
  4245 | D:5      | Killed a hippogriff
  4245 | D:5      | Reached skill level 9 in Stealth
  4245 | D:5      | Reached XP level 8. HP: 9/37 MP: 7/18
  4579 | D:5      | Found an ancient bone altar of Kikubaaqudgha.
  4580 | D:5      | Found a blossoming altar of Fedhas.
  4801 | D:5      | Noticed Duvessa
  4803 | D:5      | Noticed Dowan
  4808 | D:5      | Killed Duvessa
  4813 | D:5      | Killed Dowan
  5287 | D:6      | Reached skill level 1 in Fighting
  5296 | D:6      | Noticed Menkaure
  5696 | D:6      | Killed Menkaure
  5696 | D:6      | Reached skill level 10 in Stealth
  5756 | D:6      | Found a shadowy altar of Dithmenos.
  5761 | D:6      | Found a hide-covered altar of Uskayaw.
  6080 | D:7      | Reached XP level 9. HP: 33/41 MP: 10/20
  6426 | D:7      | Learned a level 2 spell: Blink
  6583 | D:7      | Found a shattered altar of Ashenzari.
  6584 | D:7      | Reached skill level 5 in Short Blades
  6751 | D:7      | Became a worshipper of Ashenzari the Shackled
  6854 | D:7      | Reached skill level 11 in Stealth
  6868 | D:7      | Found a white marble altar of Elyvilon.
  6959 | D:7      | Found a staircase to the Ecumenical Temple.
  7642 | D:7      | Learned a level 2 spell: Throw Flame
  7678 | D:7      | Found a hazy altar of Hepliaklqana.
  7922 | D:8      | Found a white marble altar of Elyvilon.
  8123 | D:8      | Found a sparkling altar of Nemelex Xobeh.
  8153 | D:8      | Reached skill level 5 in Dodging
  8704 | D:8      | Found a burning altar of Makhleb.
  8709 | D:8      | Reached skill level 1 in Fire Magic
  8809 | D:8      | Reached * piety under Ashenzari
  8885 | D:9      | Reached XP level 10. HP: 32/46 MP: 16/24
  8903 | D:9      | Reached skill level 12 in Stealth
  9065 | D:9      | Noticed Erica
  9078 | D:9      | Killed Erica
  9203 | D:9      | Found an iron altar of Okawaru.
 10098 | D:10     | Entered Level 10 of the Dungeon
 10134 | D:10     | Reached skill level 13 in Stealth
 10199 | D:10     | Reached skill level 1 in Conjurations
 10199 | D:10     | Reached skill level 1 in Translocations
 10339 | D:10     | Reached skill level 10 in Spellcasting
 10511 | D:10     | Noticed a manticore
 10542 | D:10     | Killed a manticore
 10645 | D:10     | Reached ** piety under Ashenzari
 10722 | D:10     | Noticed a green ugly thing
 10729 | D:10     | Killed a green ugly thing
 10729 | D:10     | Reached XP level 11. HP: 50/50 MP: 14/26
 11200 | D:11     | Noticed a hill giant
 11216 | D:11     | Killed a hill giant
 11216 | D:11     | Reached skill level 14 in Stealth
 11443 | D:11     | Found a staircase to the Lair.
 12082 | D:11     | Reached *** piety under Ashenzari
 12188 | D:11     | Reached skill level 5 in Ice Magic
 13096 | D:12     | Reached skill level 15 in Stealth
 13097 | D:12     | Found Ykkeodgh's Armour Emporium.
 13097 | D:12     | Found a staircase to the Orcish Mines.
 13099 | D:12     | Found Apeu's Weapon Emporium.
 13159 | D:12     | Bought a +1 troll leather armour for 396 gold pieces
 13503 | D:12     | Learned a level 3 spell: Tukima's Dance
 13745 | D:12     | Reached skill level 10 in Hexes
 13919 | D:13     | Noticed theElss's ghost (journeyman DECj)
 14157 | D:13     | Noticed a hill giant
 14164 | D:13     | Killed a hill giant
 14190 | D:13     | Noticed a white ugly thing
 14192 | D:13     | Killed a white ugly thing
 14192 | D:13     | Reached XP level 12. HP: 56/56 MP: 28/28
 14359 | D:13     | Found a portal to a secret trove of treasure.
 14382 | D:13     | Noticed Nessos
 14390 | D:13     | Killed Nessos
 14390 | D:13     | Reached skill level 1 in Armour
 14390 | D:13     | Reached skill level 5 in Fire Magic
 14525 | D:13     | Learned a level 5 spell: Fireball
 14586 | D:13     | HP: 1/56 [battlesphere[theElss's ghost] (12)]
 14587 | D:13     | Killed from afar by a battlesphere

Skill      XL: |  1  2  3  4  5  6  7  8  9 10 11 12 |
---------------+-------------------------------------+-----
Hexes          | 4 5 7 8 9 10 | 10.3
Stealth        | 5 6 7 8 9 10 11 13 15 | 15.4
Spellcasting   | 3 4 5 6 7 9 10 11 | 11.1
Short Blades   | 2 4 5 6 |  6.5
Ice Magic      | 1 2 3 4 5 |  5.2
Dodging        | 4 5 |  5.9
Fighting       | 1 2 |  2.7
Fire Magic     | 1 2 4 5 |  5.0
Conjurations   | 1 |  1.6
Translocations | 1 |  1.3
Armour         | 1 |  1.0

Action                   |  1- 3 |  4- 6 |  7- 9 | 10-12 || total
-------------------------+-------+-------+-------+-------++-------
Melee: Dagger            |    77 |    87 |   241 |   303 ||   708
 Cast: Ensorcelled Hiber |    16 |    37 |   111 |    91 ||   255
       Confuse           |       |     6 |    33 |    16 ||    55
       Throw Flame       |       |       |    17 |    48 ||    65
       Blink             |       |       |     4 |     6 ||    10
       Tukima's Dance    |       |       |       |     1 ||     1
Invok: Curse Item        |       |       |     5 |     1 ||     6
  Use: Scroll            |       |     5 |     6 |     7 ||    18
       Potion            |       |       |     8 |     2 ||    10
 Stab: Sleeping          |    34 |    33 |    75 |    92 ||   234
       Distracted        |       |     1 |     1 |       ||     2
       Confused          |       |     1 |    11 |     6 ||    18
  Eat: Bread ration      |       |     1 |       |       ||     1
       Pizza             |       |       |     2 |       ||     2
       Fruit             |       |       |       |     7 ||     7
Armor: Robe              |     6 |     1 |    15 |    13 ||    35
       Troll leather arm |       |       |       |    17 ||    17
Dodge: Dodged            |    41 |    47 |   205 |   150 ||   443
